ORI
UNIVERSITY OF SOUTHERN CALIFORNIA TROJANS @ UNIVERSITY OF ALABAMA CRIMSON TIDE
09/07/2046
 
TOP OF THE 1ST
University of Southern California Trojans batting - Pitching for University of Alabama Crimson Tide : RHP Matilde Tudela
Pitching: RHP Matilde Tudela
Batting: RHB Liangde Zhou 0-0: Called Strike
0-1: Foul Ball, location: 2F
0-2: Ball
1-2: Strikes out swinging
Batting: RHB Mike Woodard 0-0: Ball
1-0: Ground out 4-3 (Groundball, 4, EV 88.1 MPH)
Batting: RHB Omar Garce 0-0: Ball
1-0: Foul Ball, location: 2F
1-1: SINGLE (Groundball, 56D, EV 94.4 MPH)
Batting: RHB Eric Baker 0-0: Called Strike
0-1: Ball
Omar Garce steals 2nd base
1-1: Called Strike
1-2: Ball
2-2: Ground out U3 (Groundball, 3, EV 85.6 MPH)
Top of the 1st over - 0 runs, 1 hit, 0 errors, 1 left on base; University of Southern California 0 - University of Alabama 0
BOTTOM OF THE 1ST
University of Alabama Crimson Tide batting - Pitching for University of Southern California Trojans : RHP Ville Nyman
Pitching: RHP Ville Nyman
Batting: RHB Danny Rosario 0-0: Ball
1-0: Called Strike
1-1: Ball
2-1: Foul Ball, location: 2F
2-2: Strikes out swinging
Batting: RHB Gustavo Delgado 0-0: Called Strike
0-1: Ball
1-1: Ball
2-1: Called Strike
2-2: Foul Ball, location: 2F
2-2: Strikes out looking
Batting: RHB Hughie Withers 0-0: Called Strike
0-1: Called Strike
0-2: Foul Ball, location: 2F
0-2: Ground out 6-3 (Groundball, 6, EV 86.9 MPH)
Bottom of the 1st over - 0 runs, 0 hits, 0 errors, 0 left on base; University of Southern California 0 - University of Alabama 0
TOP OF THE 2ND
University of Southern California Trojans batting - Pitching for University of Alabama Crimson Tide : RHP Matilde Tudela
Batting: SHB Jose Santiago 0-0: Ball
1-0: Ball
2-0: Called Strike
2-1: Ball
3-1: Base on Balls
Batting: RHB Juan Barela 0-0: Called Strike
0-1: Ball
1-1: Fly out, F9 (Flyball, 9, EV 83.8 MPH)
Batting: RHB Rick Acevedo 0-0: Foul Ball, location: 2F
0-1: Swinging Strike
0-2: Ball
1-2: Strikes out swinging
Batting: LHB Victor Reyna 0-0: TRIPLE (Line Drive, 78XD, EV 110.6 MPH)
Jose Santiago scores
Batting: LHB Eli Evenson 0-0: Ball
1-0: Swinging Strike
1-1: Ball
2-1: Foul Ball, location: 2F
2-2: Strikes out swinging
Top of the 2nd over - 1 run, 1 hit, 0 errors, 1 left on base; University of Southern California 1 - University of Alabama 0
BOTTOM OF THE 2ND
University of Alabama Crimson Tide batting - Pitching for University of Southern California Trojans : RHP Ville Nyman
Batting: RHB Juan Araiza 0-0: Called Strike
0-1: Ball
1-1: DOUBLE (Flyball, 7D, EV 101.2 MPH)
Batting: RHB Matt Williams 0-0: Called Strike
0-1: Foul Ball, location: 2F
0-2: Ball
1-2: Ball
2-2: Strikes out looking
Batting: RHB Jose Benavidez 0-0: Called Strike
0-1: Ball
1-1: Ground out 6-3 (Groundball, 6, EV 84.4 MPH)
Batting: LHB Robby Ramires 0-0: Swinging Strike
0-1: Swinging Strike
0-2: Ball
1-2: Ball
2-2: Strikes out swinging
Bottom of the 2nd over - 0 runs, 1 hit, 0 errors, 1 left on base; University of Southern California 1 - University of Alabama 0
TOP OF THE 3RD
University of Southern California Trojans batting - Pitching for University of Alabama Crimson Tide : RHP Matilde Tudela
Batting: RHB Liangde Zhou 0-0: SINGLE (Groundball, 5S, EV 65.6 MPH) (infield hit)
Batting: RHB Mike Woodard 0-0: Called Strike
0-1: Ball
1-1: Foul Ball, location: 2F
1-2: Strikes out swinging
Batting: RHB Omar Garce 0-0: Called Strike
Liangde Zhou steals 2nd base
0-1: Foul Ball, location: 2F
0-2: Strikes out swinging
Batting: RHB Eric Baker 0-0: Called Strike
0-1: Ball
1-1: Ball
Wild Pitch!
Liangde Zhou to third
2-1: Ball
3-1: Foul Ball, location: 2F
3-2: Strikes out swinging
Top of the 3rd over - 0 runs, 1 hit, 0 errors, 1 left on base; University of Southern California 1 - University of Alabama 0
BOTTOM OF THE 3RD
University of Alabama Crimson Tide batting - Pitching for University of Southern California Trojans : RHP Ville Nyman
Batting: LHB Brian Van 0-0: Called Strike
0-1: Called Strike
0-2: Ball
1-2: Ball
2-2: Ball
3-2: Fly out, F8 (Flyball, 8RM, EV 94.4 MPH)
Batting: RHB B.J. Clark 0-0: SINGLE (Flyball, 9LS, EV 92.5 MPH)
Batting: RHB Danny Rosario 0-0: Foul Ball, location: 2F
0-1: Ball
1-1: Ball
2-1: Ground out 5-3 (Groundball, 56S, EV 65.0 MPH)
B.J. Clark to second
Batting: RHB Gustavo Delgado 0-0: Ball
1-0: Fly out, F7 (Flyball, 78S, EV 91.2 MPH)
Bottom of the 3rd over - 0 runs, 1 hit, 0 errors, 1 left on base; University of Southern California 1 - University of Alabama 0
TOP OF THE 4TH
University of Southern California Trojans batting - Pitching for University of Alabama Crimson Tide : RHP Matilde Tudela
Batting: SHB Jose Santiago 0-0: Fly out, F6 (Flyball, 56D, EV 87.5 MPH)
Batting: RHB Juan Barela 0-0: Called Strike
0-1: Ball
1-1: Swinging Strike
1-2: Strikes out swinging
Batting: RHB Rick Acevedo 0-0: Foul Ball, location: 2F
0-1: Swinging Strike
0-2: Ball
1-2: Strikes out swinging
Top of the 4th over - 0 runs, 0 hits, 0 errors, 0 left on base; University of Southern California 1 - University of Alabama 0
BOTTOM OF THE 4TH
University of Alabama Crimson Tide batting - Pitching for University of Southern California Trojans : RHP Ville Nyman
Batting: RHB Hughie Withers 0-0: Called Strike
0-1: Ball
1-1: Called Strike
1-2: SINGLE (Groundball, 4MD, EV 108.1 MPH)
Batting: RHB Juan Araiza 0-0: Ball
1-0: Ball
2-0: Called Strike
2-1: Foul Ball, location: 2F
2-2: Ball
3-2: Strikes out looking
Batting: RHB Matt Williams 0-0: Called Strike
0-1: Swinging Strike
0-2: Ball
1-2: Foul Ball, location: 2F
1-2: Strikes out swinging
Batting: RHB Jose Benavidez 0-0: Called Strike
0-1: Foul Ball, location: 2F
0-2: Ball
1-2: Ball
2-2: Ball
3-2: Base on Balls
Hughie Withers to second
Batting: LHB Robby Ramires 0-0: Ball
1-0: Ball
2-0: 3-RUN HOME RUN (Flyball, 9D, EV 93.1 MPH), Distance : 361 ft
Batting: LHB Brian Van 0-0: Ball
1-0: Swinging Strike
1-1: Swinging Strike
1-2: Foul Ball, location: 2F
1-2: Strikes out swinging
Bottom of the 4th over - 3 runs, 2 hits, 0 errors, 0 left on base; University of Southern California 1 - University of Alabama 3
TOP OF THE 5TH
University of Southern California Trojans batting - Pitching for University of Alabama Crimson Tide : RHP Matilde Tudela
Batting: LHB Victor Reyna 0-0: Called Strike
0-1: Swinging Strike
0-2: Strikes out swinging
Batting: LHB Eli Evenson 0-0: Ground out 5-3 (Groundball, 56S, EV 78.1 MPH)
Batting: RHB Liangde Zhou 0-0: Fly out, F7 (Line Drive, 7LS, EV 100.0 MPH)
Top of the 5th over - 0 runs, 0 hits, 0 errors, 0 left on base; University of Southern California 1 - University of Alabama 3
BOTTOM OF THE 5TH
University of Alabama Crimson Tide batting - Pitching for University of Southern California Trojans : RHP Ville Nyman
Batting: RHB B.J. Clark 0-0: Ball
1-0: Called Strike
1-1: Ball
2-1: Called Strike
2-2: Foul Ball, location: 2F
2-2: Strikes out swinging
Pitching: RHP Reed Bauer
Batting: RHB Danny Rosario 0-0: Ball
1-0: Fly out, F8 (Line Drive, 8RD, EV 86.2 MPH)
Batting: RHB Gustavo Delgado 0-0: Ball
1-0: Ball
2-0: Called Strike
2-1: Called Strike
2-2: Ball
3-2: Strikes out swinging
Bottom of the 5th over - 0 runs, 0 hits, 0 errors, 0 left on base; University of Southern California 1 - University of Alabama 3
TOP OF THE 6TH
University of Southern California Trojans batting - Pitching for University of Alabama Crimson Tide : RHP Matilde Tudela
Batting: RHB Mike Woodard 0-0: Foul Ball, location: 2F
0-1: Swinging Strike
0-2: Ball
1-2: Fly out, F9 (Flyball, 89M, EV 84.4 MPH)
Batting: RHB Omar Garce 0-0: Ball
1-0: Foul Ball, location: 2F
1-1: Foul Ball, location: 2F
1-2: Foul Ball, location: 2F
1-2: Ball
2-2: Foul Ball, location: 2F
2-2: Strikes out swinging
Batting: RHB Eric Baker 0-0: Called Strike
0-1: Ball
1-1: Fly out, F6 (Line Drive, 6, EV 61.9 MPH)
Top of the 6th over - 0 runs, 0 hits, 0 errors, 0 left on base; University of Southern California 1 - University of Alabama 3
BOTTOM OF THE 6TH
University of Alabama Crimson Tide batting - Pitching for University of Southern California Trojans : RHP Reed Bauer
Batting: RHB Hughie Withers 0-0: Ground out 6-3 (Groundball, 6S, EV 61.9 MPH)
Pinch Hitting: LHB Dallas Shaw 0-0: Ball
1-0: Ball
2-0: Ball
3-0: Called Strike
3-1: Called Strike
3-2: Strikes out swinging
Batting: RHB Matt Williams 0-0: Swinging Strike
0-1: Foul Ball, location: 2F
0-2: Ball
1-2: Strikes out swinging
Bottom of the 6th over - 0 runs, 0 hits, 0 errors, 0 left on base; University of Southern California 1 - University of Alabama 3
TOP OF THE 7TH
University of Southern California Trojans batting - Pitching for University of Alabama Crimson Tide : RHP Matilde Tudela
Now at 1B: Onorato Zacagnini
Batting: SHB Jose Santiago 0-0: Ball
1-0: Ball
2-0: Foul Ball, location: 2F
2-1: SINGLE (Groundball, 4MD, EV 100.0 MPH)
Pitching: RHP Dave Bellah
Pinch Hitting: LHB Roger Kean 0-0: Bunted foul
0-1: Bunted foul
0-2: Ball
1-2: Strikes out looking
Pinch Hitting: SHB Jason Keys 0-0: Called Strike
0-1: Ball
1-1: SINGLE (Groundball, 4D, EV 101.9 MPH)
Jose Santiago to second
Runner from 2nd tries for 3rd, SAFE, throw by CF made to third
Pinch Hitting: RHB John Sandberg 0-0: DOUBLE (Groundball, 5L, EV 106.9 MPH)
Jose Santiago scores
Jason Keys to third
Batting: RHB Jim Baltazar 0-0: DOUBLE (Line Drive, 5D, EV 98.8 MPH)
Jason Keys scores
John Sandberg scores
Batting: RHB Liangde Zhou 0-0: Ground out 3-1 (Groundball, 34S, EV 81.9 MPH)
Jim Baltazar to third
Batting: RHB Mike Woodard 0-0: Ball
1-0: Fly out, F9 (Flyball, 89M, EV 75.0 MPH)
Top of the 7th over - 3 runs, 4 hits, 0 errors, 1 left on base; University of Southern California 4 - University of Alabama 3
BOTTOM OF THE 7TH
University of Alabama Crimson Tide batting - Pitching for University of Southern California Trojans : RHP Reed Bauer
Now at 2B: Kasey Kasarda
Now in LF: Mhelter Daulong
Now in RF: Justin Veirs
Batting: RHB Jose Benavidez 0-0: Called Strike
0-1: Ball
1-1: Swinging Strike
1-2: Strikes out swinging
Batting: LHB Robby Ramires 0-0: Ball
1-0: Fly out, F8 (Flyball, 8LD, EV 102.5 MPH)
Batting: LHB Brian Van 0-0: Called Strike
0-1: Foul Ball, location: 2F
0-2: Ball
1-2: Foul Ball, location: 2F
1-2: Ball
2-2: Ball
3-2: Fly out, F9 (Flyball, 9S, EV 92.5 MPH)
Bottom of the 7th over - 0 runs, 0 hits, 0 errors, 0 left on base; University of Southern California 4 - University of Alabama 3
TOP OF THE 8TH
University of Southern California Trojans batting - Pitching for University of Alabama Crimson Tide : RHP Dave Bellah
Batting: RHB Omar Garce 0-0: Called Strike
0-1: Ball
1-1: Foul Ball, location: 2F
1-2: Ball
2-2: Strikes out swinging
Batting: RHB Eric Baker 0-0: Ground out 4-3 (Groundball, 4, EV 83.1 MPH)
Batting: SHB Jose Santiago 0-0: Foul Ball, location: 2F
0-1: Ball
1-1: Foul Ball, location: 2F
1-2: Strikes out swinging, 2-3 out at first.
Top of the 8th over - 0 runs, 0 hits, 0 errors, 0 left on base; University of Southern California 4 - University of Alabama 3
BOTTOM OF THE 8TH
University of Alabama Crimson Tide batting - Pitching for University of Southern California Trojans : RHP Reed Bauer
Pinch Hitting: LHB Matt Barkley 0-0: Foul Ball, location: 2F
0-1: Foul Ball, location: 2F
0-2: Foul Ball, location: 2F
0-2: Ball
1-2: SINGLE (Groundball, P, EV 87.5 MPH) (infield hit)
Pinch Hitting: RHB Fernando Reyes 0-0: Reached on error, E2 (Groundball, 2L, EV 43.8 MPH)
Matt Barkley to third
Batting: LHB Adam Antico 0-0: Ball
1-0: Foul Ball, location: 2F
1-1: Ball
2-1: Foul Ball, location: 2F
2-2: Ball
3-2: Strikes out swinging
Batting: RHB Hughie Withers 0-0: Ball
1-0: Ball
2-0: Ball
Passed Ball!
Matt Barkley scores
Fernando Reyes to third
3-0: Intentional Walk
Batting: RHB Onorato Zacagnini 0-0: Fly out, F9 (Flyball, 9S, EV 90.6 MPH)
Pinch Hitting: LHB Joe Blackwood 0-0: Ball
1-0: Called Strike
1-1: Hit by Pitch
Hughie Withers to second
Pinch Hitting: SHB Andrew Robison 0-0: Called Strike
0-1: Swinging Strike
0-2: Ground out 4-3 (Groundball, 4, EV 100.0 MPH)
Bottom of the 8th over - 1 run, 1 hit, 1 error, 3 left on base; University of Southern California 4 - University of Alabama 4
TOP OF THE 9TH
University of Southern California Trojans batting - Pitching for University of Alabama Crimson Tide : RHP Dave Bellah
Now at C: Larry Brown
Now at 2B: Rodrik Gardner
Now at 3B: Fernando Reyes
Now at SS: Hughie Withers
Now in CF: Joe Blackwood
Batting: SHB Mhelter Daulong 0-0: Swinging Strike
0-1: Foul Ball, location: 2F
0-2: Ball
1-2: Ball
2-2: Ball
3-2: SOLO HOME RUN (Flyball, 9LD, EV 91.9 MPH), Distance : 349 ft
Pitching: RHP Francisco Rodriquez
Pinch Hitting: RHB Tri Kartini 0-0: Ball
1-0: Ball
2-0: Called Strike
2-1: Ball
3-1: Called Strike
3-2: Base on Balls
Batting: LHB Justin Veirs 0-0: Reached on error, E2 (Groundball, 2L, EV 43.8 MPH)
Tri Kartini to third
Batting: RHB Jim Baltazar 0-0: Intentional Walk
Batting: RHB Liangde Zhou 0-0: Ball
1-0: Called Strike
1-1: Called Strike
1-2: Strikes out swinging
Batting: RHB Mike Woodard 0-0: Called Strike
0-1: Foul Ball, location: 2F
0-2: Foul Ball, location: 2F
0-2: Ball
1-2: Ball
2-2: Ball
3-2: Foul Ball, location: 2F
3-2: Base on Balls
Tri Kartini scores
Justin Veirs to third
Jim Baltazar to second
Batting: RHB Omar Garce 0-0: Foul Ball, location: 2F
0-1: Fly out, F9 (Flyball, 9S, EV 77.5 MPH)
Pinch Hitting: LHB Brad Betterton 0-0: Ball
1-0: Called Strike
1-1: Ball
2-1: Foul Ball, location: 2F
2-2: Fielders Choice at 2nd, 6-4 (Groundball, 6, EV 107.5 MPH)
Top of the 9th over - 2 runs, 1 hit, 1 error, 3 left on base; University of Southern California 6 - University of Alabama 4
BOTTOM OF THE 9TH
University of Alabama Crimson Tide batting - Pitching for University of Southern California Trojans : RHP Reed Bauer
Pitching: LHP Brian Cullom
Now at C: Joe Keough
Now at 1B: Santiago Romero
Now at 2B: Jochen Schanz
Pinch Hitting: RHB Jong-your Lee 0-0: Ball
1-0: Ball
2-0: Foul Ball, location: 2F
2-1: Foul Ball, location: 2F
2-2: Ball
3-2: Base on Balls
Pinch Hitting: LHB Yu-shu Ni 0-0: Ball
1-0: Ball
2-0: Ball
3-0: Called Strike
3-1: Called Strike
3-2: Base on Balls
Jong-your Lee to second
Batting: RHB Rodrik Gardner 0-0: Sac Bunt to 25 - play at first, batter OUT! 5-3
Jong-your Lee to third
Yu-shu Ni to second
Batting: RHB Fernando Reyes 0-0: Foul Ball, location: 2F
0-1: Foul Ball, location: 2F
0-2: Ball
1-2: Ball
2-2: Strikes out swinging
Batting: RHB Eric Kilmer 0-0: Ball
1-0: Ball
2-0: Foul Ball, location: 2F
2-1: SINGLE (Groundball, 34D, EV 105.6 MPH)
Jong-your Lee scores
Yu-shu Ni to third
Runner from 3rd tries for Home, throw by RF and OUT! 9-2
Bottom of the 9th over - 1 run, 1 hit, 0 errors, 1 left on base; University of Southern California 6 - University of Alabama 5
Tuesday, September 13th , 2022 - OOTP Baseball 23.7 Build 88